AoeStats
← Nare Vent

Socotra

505504851Analyzed
2v2 RM · 24d ago on Sep 9, 2026· 41m 27s· 4 players
Game mode
Random Map
Map size
Tiny (2 player)
Population
200
Speed
Normal
Resources
Standard
Victory
Conquest
Starting age
Dark Age
Ending age
Imperial Age
RankedLock teamsTeams togetherTeam positionsShared explorationLock speedFull tech treeHidden civsTurbo modeCheats
Victory
Defeat
🇳🇱 Saracens · Netherlands
1052
+13
🇩🇪 Cumans · Germany
1052
+13
🇮🇳 Burgundians · India
1002
-15
🇮🇳 Tatars · India
948
-11
Kimster213
0:29 Loom
12:52 Feudal Age
11:47 Horse Collar
11:55 Double-Bit Axe
13:32 Heavy Plow
13:46 Bow Saw
13:30 Town Watch
20:54 Stone Mining
25:04 Castle Age
23:36 Fletching
27:08 Bodkin Arrow
31:30 Scale Mail Armor
31:56 Arson
33:24 Scale Barding Armor
42:11 Imperial Age
RajaPuru
2:07 Loom
12:51 Feudal Age
16:06 Double-Bit Axe
19:43 Town Watch
22:36 Castle Age
24:55 Pikeman
37:44 Wheelbarrow
38:06 Scale Mail Armor
38:16 Forging
41:59 Hand Cart
Moitzie
3:42 Loom
10:10 Loom
12:21 Feudal Age
15:12 Horse Collar
15:23 Town Watch
15:51 Bloodlines
15:58 Bloodlines
22:07 Castle Age
21:03 Forging
22:21 Scale Barding Armor
22:04 Double-Bit Axe
22:51 Fletching
25:44 Husbandry
27:36 Iron Casting
27:35 Chain Barding Armor
29:32 Bodkin Arrow
30:03 Padded Archer Armor
34:24 Elite Skirmisher
35:51 Wheelbarrow
35:47 Bow Saw
40:20 Ballistics
40:12 Thumb Ring
41:41 Heavy Plow
Nare Vent
11:45 Feudal Age
11:45 Loom
12:23 Double-Bit Axe
12:22 Horse Collar
14:45 Town Watch
16:31 Scale Barding Armor
21:08 Castle Age
19:13 Man-at-Arms
20:18 Forging
20:56 Scale Mail Armor
21:11 Long Swordsman
23:57 Bloodlines
28:41 Pikeman
30:28 Heavy Plow
31:55 Fletching
32:43 Capped Ram
34:22 Stone Mining
36:25 Chain Barding Armor
36:06 Arson
36:22 Squires
36:46 Murder Holes
40:05 Imperial Age
38:36 Light Cavalry
41:03 Wheelbarrow
40:38 Gold Mining
41:38 Ballistics
Connection lost

Rejoining the realm…

Still unreachable

The connection could not be restored.

Session expired

The server has moved on; the page needs a fresh start.